 Seeded DCSS version 0.27.1-35-g4d5d836560 (console) character file.

Game seed: 6929608802301194620 (custom seed)

64973 grimtooth the Impaler (level 15, -4/180 HPs)
             Began as a Merfolk Gladiator on Oct 17, 2022.
             Was the Champion of the Shining One.
             Slain by an orc knight (34 damage)
             ... on level 2 of the Orcish Mines.
             The game lasted 02:53:34 (27122 turns).

grimtooth the Impaler (Merfolk Gladiator)          Turns: 27122, Time: 02:53:35

Health: -4/180     AC:  9    Str: 20    XL:     15   Next: 14%
Magic:  21/26      EV: 20    Int:  8    God:    the Shining One [******]
Gold:   1265       SH:  0    Dex: 16    Spells: 14/14 levels left

rFire    + . .     SeeInvis .   a - +2 glaive (flame)
rCold    + . .     Faith    .   (shield currently unavailable)
rNeg     + + +     Spirit   .   f - +1 leather armour {rC+}
rPois    .         Reflect  .   o - +2 helmet
rElec    .         Harm     .   (no cloak)
rCorr    .         Rampage  .   K - +0 pair of gloves
Will     +....                  c - +0 pair of boots
Stlth    ..........             q - amulet of regeneration
HPRegen  1.40/turn              L - ring of positive energy
MPRegen  0.20/turn              T - ring of protection from fire

@: berserking, glowing, very quick
A: (nimble swimmer 2), mertail
a: Renounce Religion, Divine Shield, Cleansing Flame, Summon Divine Warrior,
Brand Weapon With Holy Wrath


You were on level 2 of the Orcish Mines.
You worshipped the Shining One.
The Shining One was exalted by your worship.
You visited 3 branches of the dungeon, and saw 19 of its levels.
You also visited: Ossuary and Volcano.

You collected 1633 gold pieces.
You spent 368 gold pieces at shops.

Inventory:

Hand Weapons
 a - a +2 glaive of flaming (weapon)
 b - a +1 halberd of freezing
Missiles
 d - 3 throwing nets {=F}
 r - 48 poisoned darts
 s - 5 curare-tipped darts
 u - 20 boomerangs (quivered)
Armour
 c - a +0 pair of boots (worn)
 e - a +0 leather armour
 f - a +1 leather armour of cold resistance (worn)
 o - a +2 helmet (worn)
 B - the +0 mask of the Dragon {Will+ Slay+3 SInv}
   (You found it on level 6 of the Lair of Beasts)

   Slay:      It affects your accuracy & damage with ranged weapons and melee
   (+3).
   SInv:      It lets you see invisible.
   Will:      It increases your willpower.
 K - a +0 pair of gloves (worn)
Magical Staves
 G - a staff of cold
Jewellery
 q - an amulet of regeneration (around neck)
 L - a ring of positive energy (left hand)
 T - a ring of protection from fire (right hand)
Wands
 z - a wand of polymorph (11)
 C - a wand of paralysis (10)
 F - a wand of flame (7)
 M - a wand of iceblast (14)
Scrolls
 h - 6 scrolls of teleportation
 v - a scroll of magic mapping {unknown}
 x - 4 scrolls of enchant weapon {unknown}
 J - 2 scrolls of summoning
 N - a scroll of silence {unknown}
 R - 2 scrolls of fear {unknown}
 S - 2 scrolls of acquirement {unknown}
Potions
 k - 9 potions of curing
 m - 3 potions of flight
 w - 2 potions of might {unknown}
 A - 2 potions of haste
 E - 2 potions of lignification
 O - a potion of cancellation {unknown}
Miscellaneous
 U - a tin of tremorstones (2/2)


   Skills:
 - Level 12.0 Fighting
 - Level 18.0 Polearms
 - Level 6.0 Throwing
 - Level 3.0 Armour
 - Level 15.0 Dodging
 - Level 6.0 Stealth
 + Level 14.9 Invocations


You had 14 spell levels left.
You didn't know any spells.
Your spell library contained the following spells:

 Spells                   Type           Power      Damage    Failure   Level
 Freeze                   Ice            0%         1d3       45%         1
 Corpse Rot               Necr/Air       N/A        N/A       58%         2
 Passwall                 Tmut/Erth      0%         N/A       58%         2
 Poisonous Vapours        Pois/Air       0%         N/A       58%         2
 Sublimation of Blood     Necr           0%         N/A       58%         2
 Frozen Ramparts          Ice            0%         1d2       83%         3
 Portal Projectile        Hex/Tloc       0%         N/A       83%         3
 Swiftness                Air            0%         N/A       83%         3
 Fulminant Prism          Conj/Hex       0%         3d6       99%         4
 Hailstorm                Conj/Ice       0%         3d3       99%         4
 Iskenderun's Mystic Bla  Conj/Tloc      0%         2d3       99%         4
 Petrify                  Tmut/Erth      0%         N/A       99%         4
 Blade Hands              Tmut           0%         N/A       100%        5
 Excruciating Wounds      Necr           0%         N/A       100%        5
 Freezing Cloud           Conj/Ice/Air   0%         6-21      100%        5
 Irradiate                Conj/Tmut      0%         3d13      100%        5
 Lee's Rapid Deconstruct  Erth           0%         3d5*      100%        5
 Invisibility             Hex            0%         N/A       100%        6


Dungeon Overview and Level Annotations

Branches:
Dungeon (11/15)            Temple (0/1) D:7            Lair (6/6) D:9
  Swamp (0/4) Lair:4       Spider (0/4) Lair:2        Slime (0/5) Lair:5
    Orc (2/2) D:11            Elf (0/3) Orc:2       Ossuary (visited)
Volcano (visited)

Altars:
Elyvilon
Fedhas
Gozag
Kikubaaqudgha
Sif Muna
Uskayaw
Xom
The Shining One

Shops:
D:2 *   D:10 (

Annotations:
Lair:1 exclusion: oklob plant
Lair:5 3 runed translucent doors, Qoypruj's ghost, journeyman MiGl


Innate Abilities, Weirdness & Mutations

((You are quick and stealthy near water. (Stealth+, EV+, Speed+++)))
Your lower body shifts to a powerful aquatic tail in water.


Message History

* * * LOW HITPOINT WARNING * * *
The orc knight hits you with a +0 long sword.
* * * LOW HITPOINT WARNING * * *
You feel much better.
The orc knight hits you with a +0 long sword!!
* * * LOW HITPOINT WARNING * * *
Okay, then.
The golden flame engulfs you but does no damage.
You resist.
The golden flame engulfs the orc knight!
The orc knight is lightly wounded.
The golden flame engulfs the sixfirhy!!
The sixfirhy writhes in agony!
The sixfirhy is severely wounded.
The golden flame engulfs the orc knight!!
The orc knight is severely wounded.
The golden flame engulfs the orc priest!!
You kill the orc priest!
The Shining One accepts your kill.
You feel better.
The golden flame engulfs the orc priest!
The orc priest is severely wounded.
You hear a shout! x5
The orc knight roars a battlecry!
The orc knight goes into a battle-frenzy!
The sixfirhy barely misses you.
The orc priest looks braver for a moment.
The orc knight hits you with a +0 long sword!
* * * LOW HITPOINT WARNING * * *
Training target 15.0 for Dodging reached!
Your Dodging skill increases to level 15!
A red film seems to cover your vision as you go berserk!
You feel yourself moving faster!
You feel mighty! The sixfirhy hits you!
* * * LOW HITPOINT WARNING * * *
The sixfirhy shocks you!
* * * LOW HITPOINT WARNING * * *
The sixfirhy hits you but does no damage. x2
The orc knight misses you. The sixfirhy closely misses you.
The orc priest looks satisfied for a moment.
The orc knight hits you with a +0 long sword!!
You die...

####### ### .##.#.####
##o##
.......#.#####oo@#
..).......#$o)o3##
..).......)4..))....#
..#....#.)..3)#)#..##
..#....#......#....#
........#...).......#
........##.....)......
.....o...###.....##.#.#
......#.## $.....# #...


You could see 2 orc knights, an orc high priest (strong), an ice devil
(summoned), a sixfirhy (summoned), a smoke demon (summoned) and 2 orc priests.

Vanquished Creatures
  An ettin (Orc:2)
  A boulder beetle (Lair:6)
  8 hydras
  A catoblepas (Lair:4)
  An alligator (Lair:6)
  A death yak (Lair:6)
  2 two-headed ogres (D:10)
  An orc high priest (Orc:2)
  A goliath frog (Lair:6)
  2 skeletal warriors (Volcano)
  2 orc knights (Orc:2)
  An anaconda skeleton (Volcano)
  An ugly thing (D:11)
  A cyclops (D:11)
  5 gargoyles (Volcano)
  7 elephants
  9 black mambas
  21 cane toads
  A kobold demonologist (D:10)
  2 rime drakes
  10 komodo dragons
  4 jumping spiders (Lair:2)
  4 trolls
  A polar bear (Lair:6)
  2 tyrant leeches (Lair:6)
  3 harpy skeletons (Volcano)
  17 dream sheep
  Grinder (D:6)
  27 blink frogs
  A flying skull (Volcano)
  A meliai zombie (D:11)
  56 yaks
  5 redbacks (Lair:2)
  5 wraiths
  5 wyverns
  4 basilisks
  A human (D:11)
  Eustachio (D:6)
  2 steam dragons
  8 vampire mosquitoes
  A warg (D:11)
  2 swamp worms (Lair:4)
  19 water moccasins
  Duvessa (D:6)
  4 black bears
  16 orc warriors
  An ice beast (D:6)
  3 ogres (Orc:2)
  5 wolves (Lair:2)
  4 centaurs
  A phantom (D:7)
  3 kobold brigands
  3 gnoll sergeants
  17 bullfrogs
  10 scorpions
  Dowan (D:6)
  A water moccasin zombie (D:7)
  A water moccasin skeleton (D:4)
  7 killer bees (D:10)
  13 wights
  A spriggan skeleton (Volcano)
  2 howler monkeys (D:11)
  3 electric eels
  2 centaur zombies
  A jelly (D:5)
  3 hounds
  20 orc priests
  2 gnoll shamans
  Natasha (thrice) (D:3)
  4 iguanas
  10 orc wizards
  12 hell rats
  6 naga skeletons (Volcano)
  A hound skeleton (D:4)
  Robin (D:2)
  2 howler monkey zombies
  22 gnolls
  5 adders
  18 river rats (D:5)
  3 shadow imps (D:6)
  An adder skeleton (D:4)
  7 dart slugs
  56 orcs
  5 bats
  8 endoplasms
  6 giant cockroaches
  17 goblins
  21 hobgoblins
  3 jackals (D:1)
  2 quokkas
  5 ball pythons
  2 ball python skeletons (Ossuary)
  8 frilled lizards
  A hobgoblin skeleton (Ossuary)
  A hobgoblin zombie (Ossuary)
  27 kobolds
  2 kobold zombies (Ossuary)
  An orc zombie (Ossuary)
  4 rats
638 creatures vanquished.

Vanquished Creatures (others)
  2 flying skulls (Volcano)
  A quokka (D:3)
  29 fungi
  116 plants
148 creatures vanquished.

Grand Total: 786 creatures vanquished

Notes
Turn   | Place    | Note
-------+----------+-------------------------------------------
     0 | D:1      | grimtooth the Merfolk Gladiator began the quest for the
                  | Orb.
     0 | D:1      | Reached XP level 1. HP: 16/16 MP: 1/1
    76 | D:1      | Found a faded altar of an unknown god.
   274 | D:1      | Reached skill level 5 in Polearms
   274 | D:1      | Reached XP level 2. HP: 16/22 MP: 2/2
   809 | D:1      | Reached XP level 3. HP: 26/27 MP: 3/3
  1132 | D:2      | Found Rootzis's Assorted Antiques.
  1184 | D:2      | Bought 2 bubbling yellow potions for 27 gold pieces
  1184 | D:2      | Bought an orange potion for 13 gold pieces
  1184 | D:2      | Bought a lumpy coppery potion for 13 gold pieces
  1269 | D:2      | Reached skill level 6 in Polearms
  1309 | D:2      | Noticed Robin
  1329 | D:2      | Killed Robin
  1330 | D:2      | Reached XP level 4. HP: 23/33 MP: 4/4
  1571 | D:2      | Reached skill level 5 in Dodging
  2937 | D:3      | Reached skill level 7 in Polearms
  2968 | D:3      | Reached XP level 5. HP: 38/38 MP: 5/5
  3173 | D:3      | Noticed Natasha
  3181 | D:3      | Killed Natasha
  3774 | D:4      | Reached skill level 8 in Polearms
  3825 | D:4      | Reached XP level 6. HP: 44/44 MP: 6/6
  4146 | D:4      | Noticed an orc warrior
  4872 | D:4      | Found a glowing golden altar of the Shining One.
  4922 | D:4      | Reached skill level 9 in Polearms
  5589 | D:4      | Killed an orc warrior
  5590 | D:4      | Reached XP level 7. HP: 27/50 MP: 7/7
  5696 | D:4      | Found a white marble altar of Elyvilon.
  5763 | D:4      | Became a worshipper of the Shining One
  5764 | D:4      | - thisll be different
  5805 | D:5      | Entered Level 5 of the Dungeon
  5857 | D:5      | Reached skill level 10 in Polearms
  6818 | D:5      | Reached * piety under the Shining One
  6819 | D:5      | Reached skill level 11 in Polearms
  6819 | D:5      | Reached XP level 8. HP: 45/56 MP: 8/8
  7079 | D:5      | Found the +2 ratskin cloak {*Rats rPois rN+ Str-1 Int-1
                  | Dex+1}
  7089 | D:5      | - aw tso
  7554 | D:5      | Found a hide-covered altar of Uskayaw.
  7569 | D:5      | Found an opulent altar of Gozag.
  7806 | D:6      | Noticed Duvessa
  7832 | D:6      | Killed Duvessa
  7865 | D:6      | Noticed Dowan
  7873 | D:6      | Killed Dowan
  7883 | D:6      | Reached skill level 12 in Polearms
  8274 | D:6      | Noticed Eustachio
  8285 | D:6      | Killed Eustachio
  8324 | D:6      | Noticed Grinder
  8344 | D:6      | Reached skill level 5 in Stealth
  8344 | D:6      | Reached XP level 9. HP: 39/61 MP: 9/9
  8358 | D:6      | Paralysed by Grinder for 3 turns
  8368 | D:6      | Killed Grinder
  9188 | D:7      | Found a staircase to the Ecumenical Temple.
  9259 | D:7      | Found a sand-covered staircase.
  9270 | Ossuary  | Entered an ossuary
  9312 | Ossuary  | - this could be tough
  9323 | Ossuary  | Reached ** piety under the Shining One
  9409 | Ossuary  | Reached skill level 5 in Fighting
  9789 | D:7      | Reached *** piety under the Shining One
 11000 | D:2      | Bought a scroll labelled DUROAWOUKHLI for 15 gold pieces
 11000 | D:2      | Bought a scroll labelled CUOSUT JYZIU for 15 gold pieces
 11006 | D:2      | Bought a triangular jade amulet for 75 gold pieces
 11046 | D:3      | Noticed Natasha
 11058 | D:3      | Killed Natasha
 11059 | D:3      | Reached skill level 13 in Polearms
 11394 | D:8      | Reached XP level 10. HP: 53/74 MP: 12/12
 11730 | D:8      | Reached skill level 14 in Polearms
 11862 | D:8      | Reached skill level 5 in Invocations
 13034 | D:9      | Reached skill level 15 in Polearms
 13335 | D:9      | Found an ancient bone altar of Kikubaaqudgha.
 13603 | D:9      | Found a staircase to the Lair.
 13675 | D:9      | Reached **** piety under the Shining One
 13725 | D:9      | Noticed an elephant
 13744 | D:9      | Found a shimmering altar of Xom.
 13835 | D:9      | Killed an elephant
 13991 | D:9      | Reached XP level 11. HP: 84/84 MP: 16/16
 14039 | D:10     | Entered Level 10 of the Dungeon
 14238 | D:10     | Noticed a two-headed ogre
 14253 | D:10     | Killed a two-headed ogre
 14407 | D:10     | Noticed a two-headed ogre
 14456 | D:10     | Killed a two-headed ogre
 14568 | D:10     | Found Robleax's Antique Weapon Shop.
 14875 | D:10     | Reached skill level 5 in Throwing
 15314 | D:11     | Noticed a cyclops
 15329 | D:11     | Killed a cyclops
 15367 | D:11     | Found a staircase to the Orcish Mines.
 15420 | D:11     | Noticed a green ugly thing
 15437 | D:11     | Killed a brown ugly thing
 16437 | D:10     | Bought a glowing halberd for 210 gold pieces
 16466 | Lair:1   | Entered Level 1 of the Lair of Beasts
 16627 | Lair:1   | Reached skill level 1 in Armour
 16766 | Lair:1   | Found a blossoming altar of Fedhas.
 16995 | Lair:1   | Noticed an oklob plant
 17094 | Lair:2   | Noticed a four-headed hydra
 17383 | Lair:2   | Reached XP level 12. HP: 57/95 MP: 18/18
 17827 | Lair:2   | Killed a four-headed hydra
 17870 | Lair:2   | Reached skill level 16 in Polearms
 18639 | Lair:2   | Found a hole to the Spider Nest.
 18786 | Lair:2   | Reached skill level 10 in Invocations
 18952 | Lair:2   | Reached skill level 10 in Dodging
 19569 | Lair:3   | Found a shimmering blue altar of Sif Muna.
 19659 | Lair:3   | Noticed an eight-headed hydra
 19683 | Lair:3   | Killed an eight-headed hydra
 19767 | Lair:3   | Found a dark tunnel.
 19804 | Volcano  | Entered a volcano
 20015 | Volcano  | Reached XP level 13. HP: 91/101 MP: 13/22
 20543 | Lair:3   | Reached ***** piety under the Shining One
 21395 | Lair:4   | Reached skill level 10 in Fighting
 21593 | Lair:4   | - aww crap
 21929 | Lair:4   | Reached skill level 17 in Polearms
 22248 | Lair:4   | Found a staircase to the Swamp.
 22724 | Lair:5   | Reached skill level 18 in Polearms
 22893 | Lair:5   | Found a staircase to the Slime Pits.
 23291 | Lair:5   | Found a runed translucent gate.
 23300 | Lair:5   | Reached XP level 14. HP: 114/114 MP: 23/23
 23376 | Lair:5   | Found a runed translucent gate.
 23376 | Lair:5   | Found a runed translucent gate.
 23396 | Lair:5   | Noticed Qoypruj's ghost (journeyman MiGl)
 23593 | Lair:6   | Entered Level 6 of the Lair of Beasts
 23765 | Lair:6   | Found the +0 mask of the Dragon {Will+ Slay+3 SInv}
 25378 | Lair:6   | Reached ****** piety under the Shining One
 26273 | D:3      | Noticed Natasha
 26276 | D:3      | Killed Natasha
 26391 | D:6      | Found a runed translucent door.
 26393 | D:6      | Found a runed translucent door.
 26605 | Orc:1    | Entered Level 1 of the Orcish Mines
 26609 | Orc:1    | Reached XP level 15. HP: 120/120 MP: 25/25
 26705 | Orc:2    | Entered Level 2 of the Orcish Mines
 26714 | Orc:2    | Found a staircase to the Elven Halls.
 27122 | Orc:2    | Reached skill level 15 in Dodging
 27122 | Orc:2    | Slain by an orc knight

Illustrated notes

#....##.....#....#......##.......
......................##.........
.###..##............####.......##
.###..####.#####.#######..##..##
.##..## #.#.........##..####.##
..#..# ##.#.........#..## #..##
.....####..#.....##..#..#####...#
...........#......#..#....##.....
#..#...###......@......##....####
#.###.## #.#..#......######.##
#.# ##.# #.#..##.....# #.# #.#
##.###.#.........######.#
#####...##.#.........#......#
#.####..#####.#########..# ###
#..# #....# #### #..# ###### ####


Turn 5764 on D:4: - thisll be different ###'###..÷...............(..
#..################.##.##### #..###.......### #.##.# ##.##...#...##..####.##.#
#.##.#.#.#######†#.#.##.# ##.##.......#####†##.# .# ###.##..#.....####.#.#
##..##....#....##..## #.######.....@##÷### ##.############.## ##...#.###.#÷.##
####.#...#÷### ######### Turn 7089 on D:5: - aw tso ### #### ##.## ##..####
##...# ##......## #....## #...####.## #..∩..## #####....#.#..# #......##
##..#..........# #.......###.#............# #..∩...#...###..........##
#.....###### #.#@......## #...### ####z....## ##.## ##...## ## ##'## +.'.# #.###
+.+ #.# +.+ Turn 9312 on Ossuary: - this could be tough #...###### ##.......##
## ##........##. #...........# ##...........# ##............## ##
#..............# #. ###............### ##. #.#..........@...♣ #.#
##...........♣♣..♣ ##. #..........♣♣ .≈≈≈ ♣####.. #.........## ≈≈≈w ♣......
#.......P#.♣ ≈≈≈ ♣♣.#... #.....###### ≈≈ #..... ###.#P# #### ♣ #.....
##..######P.♣ #♣.... #..## #.#...♣ ♣..... Turn 21593 on Lair:4: - aww crap

Levels and vault maps discovered:
D:1:      lemuel_arrival_behind_the_door_large, layout_rooms,
          ebering_ecumenical_altar_ruins, minmay_misc_feat_five,
          minmay_quantized
D:2:      layout_rooms, serial_shops, nicolae_shop_overgrown_old_shop,
          minivault_25, hangedman_feature_mirror, uniq_robin
D:3:      layout_loops_corners, lemuel_flame_loot_1, uniq_natasha
D:4:      corexii_shantytown, layout_layer_cave, elyvilon_altar_1,
          nicolae_overflow_crystal_walls, chequers_serial_rivers_small_b,
          minmay_misc_feat_tiny
D:5:      wander_guarded_unrand_ratskin, layout_basic, mainiacjoe_overflow_swirl
D:6:      lemuel_insect_pit, layout_loops_ring, uniq_eustachio, uniq_duvessa,
          uniq_grinder
D:7:      layout_rooms, temple_statues, enter_ossuary_1, kennysheep_crisscross
D:8:      layout_gridville
D:9:      layout_cave_pools, nicolae_kikubaaqudgha_miasma_corner,
          kennysheep_little_box, david_lair_generic, serial_column_ruins,
          column_ruins_hut, column_ruins_corridor_water, column_ruins_open_tiny,
          column_ruins_grid_1, column_ruins_grid_1, serial_park_tiny_1,
          minmay_holes
D:10:     layout_loops_cross, serial_shops, shop_statue
D:11:     layout_basic, erik_orc_4
Lair:1:   layout_cave_shapes, tgw_fedhas
Lair:2:   layout_cave_pods, nicolae_spider_entry_tight_spaces, st_stairs_5
Lair:3:   layout_roguey, basic_altar, nicolae_volcano_entry_lava_flow,
          lemuel_fruit_fields
Lair:4:   layout_cave_pods, palyth_hydra_swamp_entry
Lair:5:   layout_gridlike, dpeg_slime_entry_corner, gammafunk_ghost_split
Lair:6:   minmay_lair_end_frog_pond, layout_big_grid,
          hangedman_lair_generics_rect
Orc:1:    layout_caves, minmay_orc_temple_c
Orc:2:    st_orc_pillars, layout_caves, basic_altar, serial_shops, shop,
          small_statue_alley_c

Skill      XL: |  1  2  3  4  5  6  7  8  9 10 11 12 13 14 15 |
---------------+----------------------------------------------+-----
Polearms       | 5 6 7 8 9 11 12 13 15 16 18 | 18.0
Dodging        | 5 6 7 9 11 12 14 15 | 15.0
Stealth        | 5 6 |  6.0
Fighting       | 6 7 9 11 12 | 12.0
Invocations    | 3 6 9 12 14 | 14.9
Throwing       | 3 6 |  6.0
Armour         | 2 3 |  3.0

Action                   |  1- 3 |  4- 6 |  7- 9 | 10-12 | 13-15 || total
-------------------------+-------+-------+-------+-------+-------++-------
Melee: Trident           |    92 |   211 |   432 |     4 |       ||   739
       Halberd           |       |       |     9 |   555 |   604 ||  1168
       Tailslap          |       |       |       |     1 |    18 ||    19
       Glaive            |       |       |       |       |   177 ||   177
 Fire: Hunting sling     |       |    67 |    74 |    57 |     7 ||   205
Throw: Stone             |    60 |    10 |       |       |       ||    70
       Javelin           |     2 |       |       |       |       ||     2
       Dart              |       |    18 |    94 |   170 |   171 ||   453
       Boomerang         |       |       |       |       |    65 ||    65
Invok: Divine Shield     |       |       |       |     7 |     5 ||    12
       Cleansing Flame   |       |       |       |     3 |     3 ||     6
Evoke: Wand              |       |       |       |    12 |    20 ||    32
  Use: Scroll            |       |       |     6 |     5 |     7 ||    18
       Potion            |       |       |     2 |     2 |     5 ||     9
 Stab: Sleeping          |     1 |     2 |       |       |       ||     3
Armor: Leather armour    |    12 |    36 |    37 |    49 |    80 ||   214
Dodge: Dodged            |    31 |    81 |   140 |   273 |   403 ||   928
Block: Other             |     6 |    37 |    42 |    99 |    58 ||   242
       Reflection        |       |     6 |       |     7 |       ||    13
